Celery, chaotic female sylph Rogue ----- ------- -------- |...|####-.....| ------ ##.......| #....-### |.....| -------- |.....###### |......| ###|...|# # |.....| |.*....| |....| ### |......| # |...|# ##......| #|......| |....| # |.......# # -.---# ---.--- ###|......| |.....#### --------# # # ### # # --.----- |.{..| # # # ### ### -.---- # # # # # # # # ### ### # # ########################## ### # #####ea ### ---|--- #-----# -|-E-- # --.....-- #|...-# --..f.| ### |..---..| #|...| |.....| # |..| |..| #....| |.....-## |.^---..| ----- |.....| --{.>..-- |^...-- ------- ------ Celery the Rogue Experience level: 6 Strength: 13 Dexterity: 18 Constitution: 15 Intelligence: 9 Wisdom: 11 Charisma: 9 Health: 0(55) Energy: 33(33) Def: 0 Gold: 290 Moves: 4899 Dungeon seed: spXXUq1ffUHJB4Q8 Game ID: Celery_1471113300 Your Inventory: Coins $ - 290 gold pieces Weapons b - an uncursed +1 dagger (weapon in hand) k - 12 uncursed +0 daggers (in quiver) A - 2 uncursed +0 daggers H - an uncursed +0 elven dagger (alternate weapon; not wielded) Comestibles m - an uncursed lichen corpse o - 3 uncursed food rations Z - 2 uncursed tripe rations Potions F - an uncursed potion of enlightenment Rings u - an uncursed ring of teleportation Wands h - an uncursed wand of opening (0:3) y - an uncursed wand of make invisible (0:3) E - an uncursed wand of lightning (0:5) U - an uncursed wand of polymorph (0:4) Tools d - an uncursed lock pick f - an uncursed sack g - an uncursed blindfold l - an uncursed magic marker (0:38) v - an uncursed skeleton key x - an uncursed brass lantern (0:1386) B - an uncursed can of grease (0:3) Q - an uncursed expensive camera (0:97) Y - an uncursed pair of lenses (being worn) Gems e - an uncursed chrysoberyl stone n - 2 uncursed worthless pieces of violet glass q - an uncursed worthless piece of yellow glass r - an uncursed opal z - an uncursed worthless piece of black glass N - 2 uncursed worthless pieces of green glass Contents of the sack: 466 gold pieces a blessed scroll of enchant armor 2 uncursed scrolls of scare monster a blessed potion of gain energy a blessed potion of healing an uncursed potion of healing 2 uncursed potions of oil an uncursed potion of sickness an uncursed potion of speed 2 uncursed potions of water Spells and supernatural/magical abilities: Name Level Category Fail Memory x - extra healing 3 healing 65% 95% W - pray for help -- divine ? -- Your skills at the end: Miscellaneous Skills wands [Basic] Weapon Skills dagger [Skilled] short sword [Basic] Spellcasting Skills healing spells [Basic] Final Attributes: You were piously aligned. You saw invisible. You had infravision. You were stealthy. You were protected from shape changers. Kos was angry with you. You are dead. Vanquished creatures: 2 rock piercers 2 shriekers 2 violet fungi 2 giant ants 3 floating eyes a kitten a kobold lord an iguana 3 rothes a rabid rat a centipede an orc zombie 5 coyotes a gas spore 3 hobbits an acid blob 5 geckos 2 hobgoblins 4 giant rats 2 yellow molds a red mold 5 garter snakes 2 gnome zombies 5 jackals 2 foxes 2 kobolds 13 newts 3 sewer rats 6 grid bugs 5 bats 5 lichens 2 kobold zombies 94 creatures vanquished. Voluntary challenges: You were vegetarian. You had followed a strict vegan diet until turn 4738. You used a wielded weapon 105 times, starting on turn 245. You did not apply a unicorn horn. You read items or engraved 12 times, starting on turn 956. You never genocided any monsters. You never polymorphed an object. You never changed form. You used no wishes. You never split a pudding. You never wrote Elbereth's name. You never violated your personal moral code. Dungeon overview: The Dungeons of Doom: levels 1 to 6 Level 1 a long staircase Level 2 an altar to Issek Level 3 a potion shop Level 4 an altar to Mog, a fountain a long staircase Level 5 a general store, some fountains Level 6 <- You were here some fountains History has recorded: On T:1 you entered the Dungeons of Doom to retrieve the Amulet of Yendor! On T:399 you reached level 2 of The Dungeons of Doom. On T:1004 you reached level 3 of The Dungeons of Doom. On T:1046 you advanced to experience level 2. On T:1314 you advanced to experience level 3. On T:1863 you advanced to experience level 4. On T:2026 you reached level 4 of The Dungeons of Doom. On T:2499 you advanced to experience level 5. On T:2518 you reached level 5 of The Dungeons of Doom. On T:4473 you reached level 6 of The Dungeons of Doom. On T:4610 you advanced to experience level 6. Score breakdown: Gold: 756 ( 75 points) Experience: 6 levels ( 500 points) Exploration: 6 levels ( 150 points) Discoveries: 8 items ( 400 points) Variety of kills: 32 monsters ( 1600 points) Major goal: (nothing yet) ( 0 points) Survival: died (score multiplied by 3) Total score: 8175 Latest messages: F - a swirly potion. $ - 47 gold pieces. You stop exploring. You are beginning to feel hungry. You stop exploring. The gnome zombie scratches you! You destroy the gnome zombie! You displace Taco. The door opens. You stab the soldier ant. The soldier ant bites! The soldier ant stings! The soldier ant's sting was poisoned! You displace Taco. You hear some noises. You displace Taco. The soldier ant bites! The soldier ant stings! The dagger hits the soldier ant. The soldier ant bites! The soldier ant stings! The soldier ant bites! The soldier ant stings! The soldier ant's sting was poisoned! You die... Final status: Goodbye Celery the Rogue, poisoned by a soldier ant... You died in The Dungeons of Doom on dungeon level 6 with 8175 points, and 756 pieces of gold, after 4899 moves. You were level 6 with a maximum of 55 hit points when you died.